 Dungeon Crawl Stone Soup version 0.21-a0-404-g291f19a (webtiles) character file.

48 Insomnius the Skirmisher (level 3, -5/36 HPs)
             Began as a Naga Chaos Knight on Oct 30, 2017.
             Slain by a reaper
             ... wielding a +0 scythe of slicing
             ... summoned by the severe capriciousness of Xom
              (13 damage)
             ... on level 2 of the Dungeon.
             The game lasted 00:09:41 (1018 turns).

Insomnius the Skirmisher (Naga Chaos Knight)        Turns: 1018, Time: 00:09:42

Health: -5/36      AC:  5    Str: 14    XL:     3   Next: 72%
Magic:  3/3        EV:  9    Int: 12    God:    Xom [...*..]
Gold:   44         SH:  0    Dex: 11    Spells: 2/2 levels left

rFire    . . .     SeeInvis +   a - +0 falchion (chaos)
rCold    . . .     Gourm    .   (no shield)
rNeg     . . .     Faith    .   b - +2 leather armour
rPois    +         Spirit   .   (no helmet)
rElec    .         Reflect  .   (no cloak)
rCorr    .         Harm     .   h - +0 pair of gloves
MR       .....                  (no barding)
Stlth    +.........             (no amulet)
HPRegen  0.12/turn              f - ring of stealth
MPRegen  0.08/turn              k - ring of loudness (curse)

@: very slow
A: see invisible, deformed body, poison resistance, slowness 2, slow metabolism
1, spit poison 1, AC +1
a: Spit Poison, Renounce Religion


You were on level 2 of the Dungeon.
You worshipped Xom.
You were a favourite toy of Xom.
You were not hungry.

You visited 1 branch of the dungeon, and saw 2 of its levels.

You collected 44 gold pieces.

Inventory:

Hand Weapons
 a - a +0 falchion of chaos (weapon)
Armour
 b - a +2 leather armour (worn)
 h - a +0 pair of gloves (worn)
Jewellery
 f - a ring of stealth (left hand)
 k - a cursed ring of loudness (right hand)
Scrolls
 e - a scroll of enchant armour {unknown}
 j - a scroll of identify {unknown}
Comestibles
 c - a bread ration
 d - 9 chunks of flesh
 g - 2 meat rations
 i - 2 fruits


   Skills:
 * Level 4.0 Fighting
 + Level 3.6 Long Blades
 - Level 1.6 Armour
 - Level 0.7 Dodging


You had 2 spell levels left.
You didn't know any spells.

Dungeon Overview and Level Annotations

Branches:
Dungeon (2/15)

Altars:


Innate Abilities, Weirdness & Mutations

You cannot wear boots.
Your serpentine skin is tough. (AC +1)
You have supernaturally acute eyesight. (SInv)
Armour fits poorly on your strangely shaped body.
Your system is resistant to poisons. (rPois)
You cover ground very slowly.
You have a slow metabolism.
You can spit poison.


Message History

Death has come for you...
Press: ? - help, Shift-Dir - straight line, f - reaper
Aim: a reaper, wielding a scythe of slicing (summoned)
The splash of poison hits the reaper.
The reaper is poisoned.
The reaper is lightly wounded.
You feel slightly more hungry.
The reaper hits you from afar with a scythe of slicing!!
Ouch! That really hurt!
Xom thinks this is hilarious!
* * * LOW HITPOINT WARNING * * *
Found a stone staircase leading down.
You barely miss the reaper.
The reaper is lightly wounded.
The reaper closely misses you.
You riposte.
You barely miss the reaper.
The reaper is lightly wounded.
You closely miss the reaper.
The reaper is lightly wounded.
You have got your breath back.
The reaper hits you with a scythe of slicing!
You die...

.##<.# ..#..#
#.#..# #.#..#
#.#..# . #..÷.#
...
#....#####.....
#....÷.).......
#...2@.........
#.#............
#.#............
#.#............
#.#............
.........####
###...###.#
#>..# .#


You could see a reaper.

Vanquished Creatures
  An adder (D:2)
  A dart slug (D:1)
  A leopard gecko (D:1)
  4 goblins (D:1)
  7 hobgoblins
  2 jackals (D:2)
  7 bats
  2 frilled lizards
  3 kobolds (D:1)
  8 rats (D:1)
36 creatures vanquished.

Notes
Turn   | Place    | Note
-------+----------+-------------------------------------------
     0 | D:1      | Insomnius the Naga Chaos Knight began the quest for the Orb.
     0 | D:1      | Reached XP level 1. HP: 21/21 MP: 1/1
   150 | D:1      | Reached XP level 2. HP: 28/28 MP: 2/2
   216 | D:2      | XOM: harmless Necr miscast
   435 | D:1      | XOM: divination: detect creatures
   580 | D:1      | XOM: cloud trail
   602 | D:1      | Reached XP level 3. HP: 34/34 MP: 3/3
   758 | D:1      | XOM: 8-stop teleportation journey
   933 | D:2      | Reached skill level 4 in Fighting
  1014 | D:2      | XOM: severe Necr miscast
  1015 | D:2      | Noticed a reaper
  1018 | D:2      | Slain by a reaper

Vault maps used:
D:1:      dpeg_arrival_ratfight, minivault_26, dk_noncrumbling_2
D:2:      marbit_many_paths, nicolae_overflow_crystal_walls,
          nicolae_tso_swordbearing_angel, first_bread, uniq_sigmund

Skill      XL: |  1  2  3 |
---------------+----------+-----
Fighting       | 4 |  4.0
Long Blades    | |  3.6
Armour         | |  1.6
Dodging        | |  0.7

Action                   || total
-------------------------++-------
Melee: Falchion          ||    47
 Abil: Spit Poison       ||    32
 Stab: Sleeping          ||     1
       Paralysed         ||     1
  Eat: Chunk             ||     2
Armor: Leather armour    ||    19
Dodge: Dodged            ||    21
       Rpst.: Falchion   ||     4

Table legend:
 A = Spawn XP
 B = Non-spawn XP
 C = Spawn XP percentage of total XP
 D = Spawn monster count
 E = Non-spawn monster count
 F = Spawn count percentage of total count
 G = Total turns spent on level
                    A         B        C        D         E        F      G
               +---------+---------+-------+---------+---------+-------+---------
         Total |       0 |      69 |   0.0 |       0 |      36 |   0.0 |  1018
               +---------+---------+-------+---------+---------+-------+---------
           D:1 |       0 |      42 |   0.0 |       0 |      27 |   0.0 |   883
           D:2 |       0 |      27 |   0.0 |       0 |       9 |   0.0 |   135
               +---------+---------+-------+---------+---------+-------+---------
